AoeStats
← Arda Asar

African Clearing

510746179Analyzed
2v2 RM · 1d ago on Oct 2, 2026· 27m 5s· 4 players
Game mode
Random Map
Map size
Medium (4 player)
Population
200
Speed
Normal
Resources
Standard
Victory
Conquest
Starting age
Dark Age
Ending age
Imperial Age
RankedLock teamsTeams togetherTeam positionsShared explorationLock speedFull tech treeHidden civsTurbo modeCheats
Victory
Defeat
🇫🇷 Dravidians · France
1676
+8
🇹🇷 Malay · Türkiye
1527
+14
🇨🇭 Celts · Switzerland
1492
-11
🇨🇭 Aztecs · Switzerland
1484
-11
Arda Asar
3:30 Loom
16:52 Feudal Age
16:49 Town Watch
22:39 Castle Age
21:53 Forging
23:53 Iron Casting
23:10 Arson
24:20 Squires
iFxrY
8:19 Loom
12:16 Feudal Age
12:51 Double-Bit Axe
14:07 Forging
15:37 Scale Barding Armor
16:39 Town Watch
21:58 Castle Age
19:54 Gold Mining
20:59 Fishing Lines
21:24 Horse Collar
23:23 Bow Saw
24:31 Wheelbarrow
25:38 Husbandry
ZISI-LEE
11:30 Loom
14:12 Feudal Age
14:41 Double-Bit Axe
22:16 Castle Age
21:25 Scale Mail Armor
21:45 Forging
22:30 Eagle Warrior
23:35 Bow Saw
27:20 Chain Mail Armor
KNAUROS
4:39 Loom
14:22 Feudal Age
14:27 Man-at-Arms
16:08 Arson
16:24 Double-Bit Axe
26:03 Castle Age
24:12 Horse Collar
24:55 Fletching
25:37 Scale Mail Armor
26:06 Long Swordsman
Connection lost

Rejoining the realm…

Still unreachable

The connection could not be restored.

Session expired

The server has moved on; the page needs a fresh start.